 Dungeon Crawl Stone Soup version 0.24.1-14-gf8d2b509d9 (webtiles) character file.

Game seed: 15163605474129031370, levelgen mode: deterministic

204948 Bodigarde the Lord of Darkness (level 18, -3/142 HPs)
             Began as a Mummy Necromancer on May 20, 2020.
             Was the Champion of Kikubaaqudgha.
             Slain by a ghost moth (4 damage)
             ... on level 3 of the Spider Nest on May 21, 2020.
             The game lasted 04:59:40 (70706 turns).

Bodigarde the Lord of Darkness (Mummy Necromancer) Turns: 70706, Time: 04:59:40

Health: -3/142     AC: 15    Str: 14 (15) XL:     18   Next: 2%
Magic:  0/37       EV: 13    Int: 20      God:    Kikubaaqudgha [******]
Gold:   1217       SH:  2    Dex: 13 (14) Spells: 5/48 levels left

rFire    . . .     SeeInvis .   a - +7 demon whip (pain)
rCold    + . .     Gourm    .   (no shield)
rNeg     + + +     Faith    .   B - +2 ring mail {rF+}
rPois    ∞         Spirit   .   Q - +1 helmet
rElec    .         Reflect  +   j - scarf {repulsion}
rCorr    +         Harm     .   O - +2 pair of gloves {Str+3}
MR       +++..                  s - +0 pair of boots {Fly}
Stlth    ++........             q - +2 amulet of reflection
HPRegen  0.33/turn              X - ring of protection from magic
MPRegen  0.25/turn              R - ring of resist corrosion

@: death channel, flying, repel missiles
A: no food or potions, fire vulnerability, cold resistance 1, negative energy
resistance 3, torment resistance, unbreathing, in touch with death 1
}: 1/15 runes: decaying
a: Receive Corpses, Torment, Renounce Religion, Stop Flying


You were on level 3 of the Spider Nest.
You worshipped Kikubaaqudgha.
Kikubaaqudgha was exalted by your worship.
You were not hungry.

You visited 7 branches of the dungeon, and saw 33 of its levels.
You visited the Abyss 1 time.
You also visited: Bailey.

You collected 3093 gold pieces.
You spent 1876 gold pieces at shops.

Inventory:

Hand Weapons
 a - a +7 demon whip of pain (weapon)
 b - a +4 hunting sling of freezing
 L - a +0 fustibalus
Missiles
 c - 23 boomerangs (quivered)
 g - 2 throwing nets
 k - 111 poisoned darts
 p - 162 bolts
 r - 600 stones
 t - 126 sling bullets
 F - 8 javelins
Armour
 j - a scarf of repulsion (worn)
 s - a +0 pair of boots of flying (worn)
 B - a +2 ring mail of fire resistance (worn)
 C - a scarf of cloud immunity
 O - a +2 pair of gloves of strength (worn)
 Q - a +1 helmet (worn)
 S - a scarf of spirit shield
Jewellery
 q - a +2 amulet of reflection (around neck)
 z - an uncursed ring of see invisible
 R - a ring of resist corrosion (right hand)
 X - a ring of protection from magic (left hand)
 Y - an uncursed ring of protection from cold
Wands
 d - a wand of disintegration (5)
 m - a wand of clouds (3)
 u - a wand of flame (116)
 w - a wand of acid (27)
 y - a wand of random effects (56)
 G - a wand of paralysis (19)
 J - a wand of enslavement (54)
 P - a wand of polymorph (34)
Scrolls
 e - 6 scrolls of teleportation
 f - 13 scrolls of remove curse
 h - 3 scrolls of fog
 i - 7 scrolls of enchant armour
 l - 4 scrolls of fear
 n - 7 scrolls of immolation
 o - 4 scrolls of amnesia
 A - 7 scrolls of magic mapping
 D - 4 scrolls of blinking
 H - a scroll of brand weapon
 I - a scroll of torment
 T - 2 scrolls of holy word
 V - a scroll of summoning
 W - a scroll of vulnerability
 Z - a scroll of silence
Miscellaneous
 x - a fan of gales


   Skills:
 - Level 12.7 Fighting
   Level 5.0 Short Blades
 * Level 10.0 Maces & Flails
 - Level 8.6 Slings
 - Level 5.6 Armour
 - Level 6.1 Dodging
 - Level 4.9 Stealth
 - Level 15.6 Spellcasting
 - Level 5.0 Conjurations
 - Level 16.6 Necromancy
 - Level 5.3 Ice Magic
 - Level 5.0 Earth Magic


You had 5 spell levels left.
You knew the following spells:

 Your Spells              Type           Power        Failure   Level  Hunger
a - Excruciating Wounds   Chrm/Necr      ######....   7%          5    N/A
c - Animate Dead          Necr           N/A          1%          4    N/A
d - Corpse Rot            Necr           N/A          0%          2    N/A
e - Agony                 Necr           #######.     1%          5    N/A
f - Dispel Undead         Necr           #######.     1%          5    N/A
g - Borgnjor's Vile Clut  Necr/Erth      ######....   2%          5    N/A
h - Bolt of Draining      Conj/Necr      ######....   2%          5    N/A
i - Simulacrum            Ice/Necr       ######....   12%         6    N/A
j - Death Channel         Necr           #######...   1%          6    N/A

Your spell library contained the following spells:

 Spells                   Type           Power        Failure   Level  Hunger
 Animate Skeleton         Necr           N/A          0%          1    N/A
 Pain                     Necr           ####         0%          1    N/A
 Magic Dart               Conj           ####         1%          1    N/A
 Vampiric Draining        Necr           #######...   1%          3    N/A
 Sting                    Conj/Pois      ####         2%          1    N/A
 Passwall                 Tmut/Erth      ####....     4%          2    N/A
 Summon Butterflies       Summ           ###.....     8%          1    N/A
 Conjure Flame            Conj/Fire      ####....     8%          3    N/A
 Mephitic Cloud           Conj/Pois/Air  ###.....     11%         3    N/A
 Blink                    Tloc           N/A          12%         2    N/A
 Call Imp                 Summ           ###.....     12%         2    N/A
 Poisonous Vapours        Pois/Air       ###...       12%         2    N/A
 Slow                     Hex            ###.....     12%         2    N/A
 Swiftness                Chrm/Air       ###.....     12%         2    N/A
 Recall                   Summ/Tloc      N/A          22%         3    N/A
 Summon Guardian Golem    Hex/Summ       ###.....     22%         3    N/A
 Lee's Rapid Deconstruct  Erth           #####.....   26%         5    N/A
 Olgreb's Toxic Radiance  Pois           ###.....     58%         4    N/A
 Passage of Golubria      Tloc           N/A          58%         4    N/A
 Irradiate                Conj/Tmut      ####......   58%         5    N/A
 Venom Bolt               Conj/Pois      ####......   58%         5    N/A
 Silence                  Hex/Air        ###.......   91%         5    N/A
 Infestation              Necr           #######...   47%         8    N/A
 Haunt                    Necr/Summ      ######....   91%         7    N/A
 Darkness                 Hex            ###.......   100%        6    N/A
 Invisibility             Hex            ###.....     100%        6    N/A
 Tornado                  Air            ###.......   100%        9    N/A
 Sublimation of Blood     Necr           Unusable     N/A         2    N/A
 Regeneration             Chrm/Necr      Unusable     N/A         3    N/A
 Borgnjor's Revivificati  Necr           Unusable     N/A         8    N/A
 Statue Form              Tmut/Erth      Unusable     N/A         6    N/A
 Hydra Form               Tmut           Unusable     N/A         6    N/A
 Dragon Form              Tmut           Unusable     N/A         7    N/A
 Death's Door             Chrm/Necr      Unusable     N/A         8    N/A
 Necromutation            Tmut/Necr      Unusable     N/A         8    N/A

Dungeon Overview and Level Annotations

Branches:
Dungeon (15/15)            Temple (1/1) D:7            Lair (6/6) D:9
  Swamp (4/4) Lair:2       Spider (3/4) Lair:2        Slime (0/5) Lair:5
    Orc (2/2) D:11            Elf (2/3) Orc:2        Vaults (0/5) D:13
 Depths (0/5) D:15         Bailey (visited)

Altars:
Cheibriados
Gozag
Hepliaklqana
Kikubaaqudgha
Makhleb
Okawaru
Sif Muna
Trog
Uskayaw
Vehumet
Xom
Yredelemnul
The Shining One
Jiyva

Shops:
D:6 !   D:12 =   D:14 :((%   Orc:1 %   Orc:2 %(!*   Elf:2 *

Portals:
Hell: Lair:6

Annotations:
Elf:2 3 runed translucent doors


Innate Abilities, Weirdness & Mutations

You do not eat or drink.
Your flesh is vulnerable to fire.
You are immune to poison.
Your flesh is cold resistant. (rC+)
You are immune to negative energy. (rN+++)
You are immune to unholy pain and torment.
You can survive without breathing.
You are in touch with the powers of death.


Message History

* * * LOW HITPOINT WARNING * * *
You feel weakened. Something hits you but does no damage.
Something stings you but does no damage.
The wolf spider struggles to escape constriction.
The spark wasp barely misses you.
Casting: Borgnjor's Vile Clutch (safe; 2% risk of failure)
Confirm with . or Enter, or press ? or * to list all spells.
You don't have enough magic to cast that spell.
You hit the spark wasp but do no damage.
The spark wasp writhes in agony!
The spark wasp is almost dead.
The zombie hands constrict the wolf spider.
The zombie hands constrict the spark wasp.
The wolf spider struggles to escape constriction.
The spark wasp barely misses you.
You feel you are being watched by something.
Something completely misses you. Something hits you.
You die...
Kikubaaqudgha rasps: "You have failed me!
Welcome... oblivion!"

...#. .........
..........
..$.#....####
.......#^...###
....#.........#
..^..^.^.....#
^#......s.@.###
.....^..Z.y...##
.....#..#.^<...##
. #..>........#
.....^^.^†...#..#
.........#......#
.(^..........^...#
#......#.......###
#...........##...


You could see a spark wasp, a wolf spider and a friendly spectral redback.

Vanquished Creatures
  A tentacled monstrosity (Abyss:3)
  7 thorn hunters
  A deep elf sorcerer (Elf:1)
  A cacodemon (Abyss:2)
  3 entropy weavers
  A very ugly thing (Swamp:4)
  Snorg (D:11)
  A deep elf high priest (Elf:1)
  4 vault guards (D:13)
  18 hydras
  Harold (D:11)
  A ghost crab (Swamp:3)
  2 catoblepae
  11 alligators
  2 centaur warriors
  8 two-headed ogres
  2 death knights
  A queen ant (Lair:4)
  An ogre mage (D:15)
  5 dancing weapons (Elf:2)
  Urug (D:10)
  5 orc high priests
  8 deep elf knights
  A storm dragon zombie (D:15)
  A sun demon (Lair:6)
  Sonja (D:11)
  4 large abominations
  Nergalle (D:12)
  3 skeletal warriors
  4 spriggan druids
  2 wizards
  9 deep elf archers
  6 unseen horrors
  10 swamp dragons
  6 lindwurms
  6 orc knights
  A phantasmal warrior (D:15)
  31 deep elf magi
  2 necromancers
  4 wolf spiders (Spider:2)
  An orb spider (Lair:2)
  4 oklob plants (Lair:6)
  12 ugly things
  12 wolf spider zombies
  3 orc sorcerers (Orc:2)
  2 manticores
  3 elephants
  3 cyclopes
  An elf zombie (D:15)
  A guardian serpent (Abyss:2)
  Joseph (D:10)
  7 centaur skeletons
  6 black mambas
  A smoke demon (Abyss:2)
  A gargoyle (D:15)
  2 yaktaur zombies (D:15)
  3 torpor snails
  3 orange demons
  14 spiny frogs
  A rime drake (Lair:6)
  3 kobold demonologists (D:13)
  8 redback zombies (Spider:1)
  10 komodo dragons
  A freezing wraith (D:14)
  An ancient zyme (Abyss:2)
  3 demonic crawlers
  3 trolls
  3 ice devils (Lair:6)
  A red devil (Lair:6)
  A hellwing (Lair:6)
  2 polar bears
  10 tyrant leeches
  4 hornets
  12 tarantella zombies (Spider:1)
  Prince Ribbit (D:6)
  22 blink frogs
  9 bog bodies
  22 slime creatures
  15 dream sheep
  8 hippogriffs
  10 redbacks
  2 shadows (Swamp:3)
  An air elemental (Elf:2)
  A wraith (D:14)
  A ynoxinul (Abyss:3)
  2 water elementals (Elf:2)
  4 tarantellas
  3 wyverns
  3 spriggans
  14 yaks
  Eustachio (D:4)
  6 fire elementals
  A hog (shapeshifter) (Abyss:3)
  A fire bat (shapeshifter) (D:13)
  2 hungry ghosts
  A neqoxec (Abyss:2)
  13 swamp worms
  19 vampire mosquitoes
  3 wargs
  18 soldier ants
  Duvessa (D:6)
  22 water moccasins
  6 hell hounds
  4 insubstantial wisps (Swamp:3)
  An acid dragon (D:15)
  6 porcupines
  11 swamp drakes
  21 orc warriors
  4 sky beasts
  2 eyes of draining
  6 ice beasts
  8 ogres
  4 black bears
  A necrophage (D:9)
  A wolf (Lair:2)
  4 centaurs
  14 crocodiles
  4 big kobolds
  13 bullfrogs
  Dowan (D:6)
  A small abomination (Abyss:2)
  A wyvern skeleton (D:10)
  6 scorpions
  11 killer bees
  A howler monkey (D:9)
  5 wights (D:13)
  3 electric eels
  9 crimson imps
  2 bullfrog zombies
  3 centaur zombies
  A quasit (Abyss:2)
  4 hounds
  A bullfrog skeleton (D:7)
  6 jellies
  12 orc priests
  An iron imp (Abyss:2)
  A human skeleton (D:5)
  4 iguanas
  16 orc wizards
  26 worker ants
  A hound zombie (D:6)
  A hound skeleton (D:7)
  Robin (D:2)
  9 gnolls
  17 adders
  4 shadow imps
  An ufetubus (Abyss:2)
  An ooze (D:4)
  An adder zombie (D:5)
  An adder skeleton (D:4)
  5 worms
  4 dart slugs
  7 leopard geckos
  74 orcs
  7 bats
  5 giant cockroaches
  13 goblins
  9 hobgoblins
  10 jackals
  5 quokkas
  3 ball pythons
  5 frilled lizards
  A goblin skeleton (D:5)
  9 kobolds
  A kobold zombie (D:5)
  A leopard gecko zombie (D:8)
  A quokka skeleton (D:4)
  3 rats
  A spectral orc (D:1)
  A fungus (Elf:2)
  A plant (Lair:6)
955 creatures vanquished.

Vanquished Creatures (collateral kills)
  A very ugly thing (Swamp:1)
  Azrael (Spider:2)
  5 hydras (Swamp:4)
  5 alligators
  2 spriggan druids
  5 swamp dragons (Swamp:4)
  A lindwurm (Swamp:4)
  A deep elf mage (Elf:1)
  An ugly thing (D:14)
  An elephant (Lair:6)
  A black mamba (Lair:5)
  3 spiny frogs
  A rime drake (Lair:6)
  A demonic crawler (Spider:2)
  A hornet (Swamp:2)
  Grinder (D:6)
  A tyrant leech (Swamp:1)
  3 slime creatures
  6 blink frogs
  A hippogriff (Lair:6)
  5 redbacks (Spider:2)
  A spriggan (Swamp:2)
  A tarantella (Spider:2)
  3 yaks
  A basilisk (Lair:6)
  2 vampire mosquitoes
  2 insubstantial wisps (Swamp:3)
  A swamp worm (Swamp:4)
  A soldier ant (Lair:4)
  A hell hound (Spider:2)
  4 water moccasins
  An orc warrior (Orc:2)
  4 swamp drakes
  An ogre (D:15)
  2 bullfrogs
  A bullfrog zombie (D:8)
  A crimson imp (D:5)
  A hound (D:9)
  2 orc wizards
  2 iguanas
  An adder skeleton (D:8)
  5 orcs
  A jackal (D:3)
  A quokka (D:9)
  3 kobolds (D:9)
  A plant (Lair:6)
91 creatures vanquished.

Vanquished Creatures (others)
  A lindwurm (Swamp:4)
  A hornet (Swamp:2)
  An orc warrior (Bailey)
  An orc (Bailey)
  25 fungi
  32 plants
  6 starspawn tentacles (Abyss:2)
  9 withered plants (D:15)
76 creatures vanquished.

Grand Total: 1122 creatures vanquished

Notes
Turn   | Place    | Note
-------+----------+-------------------------------------------
     0 | D:1      | Bodigarde the Mummy Necromancer began the quest for the
                  | Orb.
     0 | D:1      | Reached XP level 1. HP: 13/13 MP: 4/4
   491 | D:1      | Reached XP level 2. HP: 19/19 MP: 0/6
  1005 | D:1      | Reached XP level 3. HP: 24/24 MP: 1/7
  1587 | D:2      | Learned a level 3 spell: Vampiric Draining
  1739 | D:2      | Reached skill level 5 in Necromancy
  1796 | D:2      | Noticed a sky beast
  2055 | D:2      | Reached XP level 4. HP: 30/30 MP: 4/9
  2180 | D:2      | Learned a level 4 spell: Animate Dead
  2318 | D:2      | Noticed a shadow
  2318 | D:2      | Noticed a shadow
  2633 | D:2      | Noticed Robin
  3331 | D:2      | Found a snail-covered altar of Cheibriados.
  3585 | D:2      | Found a basalt altar of Yredelemnul.
  4191 | D:3      | Reached XP level 5. HP: 18/35 MP: 1/11
  4970 | D:3      | Reached skill level 6 in Necromancy
  5253 | D:4      | Noticed Eustachio
  5263 | D:4      | Killed Eustachio
  5263 | D:4      | Reached skill level 5 in Spellcasting
  5263 | D:4      | Reached XP level 6. HP: 20/41 MP: 2/13
  5495 | D:4      | Found an ancient bone altar of Kikubaaqudgha.
  5497 | D:4      | Found a hazy altar of Hepliaklqana.
  5499 | D:4      | Found a radiant altar of Vehumet.
  5514 | D:4      | Reached skill level 7 in Necromancy
  5521 | D:4      | Became a worshipper of Kikubaaqudgha
  6028 | D:4      | Noticed a +0 hand axe
  6029 | D:4      | Noticed a +0 dagger
  6033 | D:4      | Found a hide-covered altar of Uskayaw.
  6180 | D:4      | Found a shimmering blue altar of Sif Muna.
  6343 | D:4      | Found a burning altar of Makhleb.
  6405 | D:5      | Entered Level 5 of the Dungeon
  6752 | D:5      | Reached XP level 7. HP: 47/47 MP: 8/15
  7075 | D:5      | Reached skill level 1 in Fighting
  7759 | D:5      | Reached * piety under Kikubaaqudgha
  7759 | D:5      | Identified Kikubaaqudgha's Handbook of Unholy Rites
                  | (Kikubaaqudgha gifted it to you on level 5 of the Dungeon)
  7759 | D:5      | Received a gift from Kikubaaqudgha
  7776 | D:5      | Learned a level 2 spell: Corpse Rot
  7946 | D:5      | Found a runed translucent door.
  7946 | D:5      | Noticed a human
  8402 | D:6      | Reached skill level 8 in Necromancy
  8585 | D:6      | Found an opulent altar of Gozag.
  8831 | D:6      | Noticed Dowan
  8838 | D:6      | Noticed Duvessa
  8918 | D:6      | Noticed Prince Ribbit
  8918 | D:6      | Noticed Grinder
  8944 | D:5      | Reached XP level 8. HP: 36/57 MP: 17/17
  9075 | D:5      | Found a bloodstained altar of Trog.
  9193 | D:6      | Killed Duvessa
  9198 | D:6      | Killed Dowan
  9434 | D:6      | Killed Grinder
  9434 | D:6      | Reached skill level 9 in Necromancy
  9698 | D:6      | Killed Prince Ribbit
  9831 | D:6      | Found Tearph's Distillery.
 10683 | D:2      | Killed Robin
 10856 | D:2      | Found a snail-covered altar of Cheibriados.
 11313 | D:6      | Reached XP level 9. HP: 61/66 MP: 14/20
 11685 | D:6      | Reached skill level 10 in Necromancy
 12023 | D:7      | Reached skill level 5 in Fighting
 12556 | D:7      | Reached ** piety under Kikubaaqudgha
 12811 | D:7      | Found a staircase to the Ecumenical Temple.
 12817 | Temple   | Entered the Ecumenical Temple
 13786 | D:8      | Reached skill level 11 in Necromancy
 14053 | D:8      | Reached XP level 10. HP: 51/76 MP: 23/23
 15764 | D:9      | Found a flagged portal.
 15782 | Bailey   | Entered a bailey
 15876 | Bailey   | Reached *** piety under Kikubaaqudgha
 15876 | Bailey   | Identified Kikubaaqudgha's Reference Book on Unholy Rites
                  | (Kikubaaqudgha gifted it to you in a bailey)
 15876 | Bailey   | Received a gift from Kikubaaqudgha
 15888 | Bailey   | Learned a level 5 spell: Agony
 15894 | Bailey   | Learned a level 5 spell: Dispel Undead
 16465 | Bailey   | Noticed an orc knight
 16512 | Bailey   | Killed an orc knight
 16563 | Bailey   | Reached skill level 10 in Spellcasting
 16987 | D:9      | Learned a level 5 spell: Borgnjor's Vile Clutch
 17013 | D:9      | You are sucked into a shaft and drop 3 floors!
 17063 | D:12     | Reached skill level 12 in Necromancy
 17153 | D:11     | Found a staircase to the Orcish Mines.
 17169 | D:11     | Noticed a white ugly thing
 17169 | D:11     | Noticed a two-headed ogre
 17455 | D:11     | Noticed Harold
 17455 | D:11     | Noticed Nergalle
 17750 | D:12     | Found Neadach's Jewellery Shoppe.
 17757 | D:12     | Bought an uncursed ring of see invisible for 180 gold
                  | pieces
 17779 | D:12     | Noticed a five-headed hydra
 17789 | D:12     | Killed a five-headed hydra
 17789 | D:12     | Reached XP level 11. HP: 39/84 MP: 2/25
 18350 | D:12     | Killed a white ugly thing
 18694 | D:12     | Noticed an unseen horror
 18703 | D:12     | Killed an unseen horror
 18713 | D:12     | Learned a level 5 spell: Bolt of Draining
 18831 | D:12     | Noticed a green ugly thing
 18843 | D:12     | Killed a green ugly thing
 19040 | D:11     | Noticed Snorg
 19109 | D:12     | Killed Nergalle
 19391 | D:11     | Killed Harold
 19391 | D:11     | Reached skill level 13 in Necromancy
 19588 | D:11     | Killed Snorg
 19622 | D:11     | Noticed an unseen horror
 19633 | D:11     | Killed an unseen horror
 19633 | D:11     | Reached skill level 1 in Armour
 19636 | D:11     | Reached skill level 1 in Conjurations
 19636 | D:11     | Reached skill level 1 in Earth Magic
 19648 | D:10     | Entered Level 10 of the Dungeon
 19864 | D:10     | Found the +9 scales of the Dragon King {rPois rF+ rC+ MR+}
 19993 | D:9      | Identified Sif Muna's Compendium of Creation and
                  | Weightlessness
 20017 | D:9      | Reached **** piety under Kikubaaqudgha
 20276 | D:9      | Noticed a two-headed ogre
 20307 | D:9      | Killed a two-headed ogre
 20619 | D:9      | Found a staircase to the Lair.
 20905 | D:5      | Found a basalt altar of Yredelemnul.
 21020 | Lair:1   | Entered Level 1 of the Lair of Beasts
 21758 | Lair:1   | Reached XP level 12. HP: 94/94 MP: 24/27
 23385 | Lair:2   | Reached skill level 5 in Dodging
 23685 | Lair:2   | Found a staircase to the Swamp.
 23827 | Lair:2   | Found a hole to the Spider Nest.
 24910 | Lair:3   | Got a bloodstained ring mail
 24925 | Lair:2   | Identified the +3 ring mail of Depression {rElec} (You
                  | found it on level 3 of the Lair of Beasts)
 25910 | Lair:3   | You are sucked into a shaft and drop 1 floor!
 25914 | Lair:4   | Reached skill level 14 in Necromancy
 26076 | Lair:4   | Identified a scroll of acquirement
 26635 | Lair:4   | Noticed a five-headed hydra
 26640 | Lair:4   | Killed a five-headed hydra
 27434 | Lair:4   | Reached skill level 1 in Short Blades
 27630 | Lair:4   | Noticed a queen ant
 27965 | Lair:4   | Killed a queen ant
 28171 | Lair:4   | Noticed an entropy weaver
 28171 | Lair:4   | Noticed an entropy weaver
 28429 | Lair:4   | Killed an entropy weaver
 28429 | Lair:4   | Gained mutation: You are in touch with the powers of death.
                  | [Mummy growth]
 28429 | Lair:4   | Reached XP level 13. HP: 101/101 MP: 11/29
 29133 | Lair:4   | Killed an entropy weaver
 29616 | Lair:5   | Found a viscous altar of Jiyva.
 29616 | Lair:5   | Found a staircase to the Slime Pits.
 31339 | Lair:6   | Entered Level 6 of the Lair of Beasts
 32402 | Lair:6   | Reached skill level 10 in Fighting
 32853 | Lair:6   | Reached skill level 5 in Earth Magic
 33003 | Lair:6   | Reached skill level 15 in Necromancy
 33021 | Lair:6   | Reached skill level 5 in Conjurations
 33364 | Lair:5   | Reached ***** piety under Kikubaaqudgha
 34358 | Lair:6   | Reached XP level 14. HP: 110/110 MP: 15/31
 36156 | Lair:6   | Found a burning altar of Makhleb.
 36371 | Lair:6   | Reached skill level 5 in Short Blades
 36567 | Lair:6   | Reached skill level 1 in Slings
 36637 | Lair:6   | Found a gateway to Hell.
 37479 | Lair:6   | Learned a level 6 spell: Simulacrum
 37857 | D:11     | Noticed Sonja
 37860 | D:11     | Killed Sonja
 38988 | D:10     | Reached skill level 1 in Ice Magic
 38989 | D:10     | Noticed Joseph
 39195 | D:10     | Noticed Urug
 39207 | D:10     | Killed Urug
 39208 | D:10     | Killed Joseph
 40067 | D:11     | Found a staircase to the Orcish Mines.
 40283 | Orc:1    | Entered Level 1 of the Orcish Mines
 40743 | Orc:1    | Found Inaumuk's Food Emporium.
 41028 | Orc:2    | Entered Level 2 of the Orcish Mines
 41035 | Orc:2    | Found a staircase to the Elven Halls.
 42726 | Orc:2    | Found Tukuytet's General Store.
 42726 | Orc:2    | Found Wuphu's Distillery.
 42746 | Orc:2    | Found Mykk's Food Boutique.
 42746 | Orc:2    | Found Ofalom's Weapon Emporium.
 43799 | D:13     | Found a gate to the Vaults.
 43805 | D:13     | Reached XP level 15. HP: 113/119 MP: 18/33
 44364 | D:13     | Reached ****** piety under Kikubaaqudgha
 45090 | D:14     | Found Buewk's Book Shop.
 45147 | D:14     | Bought a book of Unlife for 975 gold pieces
 45154 | D:14     | Learned a level 6 spell: Death Channel
 45590 | D:14     | Found Gidduapp's Antique Weapon Shop.
 45617 | D:14     | Reached skill level 5 in Slings
 46237 | D:14     | Found Wuttuec's Food Shoppe.
 46355 | D:14     | Found Setinif's Weapon Boutique.
 46721 | D:14     | Reached skill level 5 in Armour
 47241 | D:15     | Entered Level 15 of the Dungeon
 48504 | D:15     | Reached skill level 16 in Necromancy
 49017 | D:15     | Found a staircase to the Depths.
 49573 | Swamp:1  | Entered Level 1 of the Swamp
 50446 | Swamp:1  | Noticed a thorn hunter
 50452 | Swamp:1  | Noticed a thorn hunter
 50458 | Swamp:1  | Killed a thorn hunter
 50468 | Swamp:1  | Killed a thorn hunter
 50468 | Swamp:1  | Reached XP level 16. HP: 115/127 MP: 1/34
 50859 | Swamp:1  | Reached skill level 15 in Spellcasting
 50907 | Swamp:1  | Noticed a thorn hunter
 50920 | Swamp:1  | Killed a thorn hunter
 51759 | Swamp:2  | Noticed a thorn hunter
 51767 | Swamp:2  | Killed a thorn hunter
 51767 | Swamp:2  | Reached skill level 5 in Ice Magic
 52273 | Swamp:2  | Noticed a thorn hunter
 52286 | Swamp:2  | Killed a thorn hunter
 55748 | Elf:1    | Entered Level 1 of the Elven Halls
 56351 | Elf:1    | Found a radiant altar of Vehumet.
 56363 | Elf:1    | Found a radiant altar of Vehumet.
 56363 | Elf:1    | Found an ancient bone altar of Kikubaaqudgha.
 56786 | Elf:1    | Cast into level 2 of the Abyss (a deep elf sorcerer)
 56865 | Abyss:2  | Learned a level 5 spell: Excruciating Wounds
 57556 | Abyss:2  | Noticed a tentacled starspawn
 57748 | Abyss:3  | Noticed a tentacled monstrosity
 57765 | Abyss:3  | Killed a tentacled monstrosity
 57990 | Abyss:3  | Found a shattered altar of Ashenzari.
 58105 | Abyss:3  | Noticed a tentacled starspawn
 58223 | Abyss:3  | HP: 4/129 [phantasmal warrior[a death knight] (17)]
 58227 | Abyss:3  | HP: 1/129 [phantasmal warrior[a death knight] (4)]
 58423 | Abyss:4  | Found a corrupted altar of Lugonu.
 58431 | Elf:1    | Escaped the Abyss
 58435 | Elf:1    | Reached skill level 1 in Maces & Flails
 59164 | Elf:1    | Reached XP level 17. HP: 60/135 MP: 16/36
 60273 | Elf:2    | Found a runed translucent gate.
 60273 | Elf:2    | Found a runed translucent gate.
 60273 | Elf:2    | Found a runed translucent gate.
 60464 | Elf:2    | Found Dotfuif's Desiderata Depot.
 60669 | Elf:2    | Bought a +1 demon whip of freezing for 646 gold pieces
 60996 | Elf:2    | Reached skill level 5 in Maces & Flails
 61328 | Orc:2    | Bought a scroll of enchant weapon for 75 gold pieces
 61781 | Swamp:3  | HP: 2/135 [alligator[a spriggan druid] (7)]
 64120 | Swamp:4  | Entered Level 4 of the Swamp
 64897 | Swamp:4  | Received a gift from Kikubaaqudgha
 65953 | Swamp:4  | Got a decaying rune of Zot
 66242 | Spider:1 | Entered Level 1 of the Spider Nest
 67919 | Spider:1 | Identified the +7 flail "Ogreslayer" {drain, Str+3 Int+2}
                  | (You found it on level 1 of the Spider Nest)
 69454 | Spider:2 | Noticed Azrael
 69465 | Spider:2 | Killed Azrael
 70005 | Spider:2 | Reached XP level 18. HP: 142/142 MP: 21/37
 70699 | Spider:3 | Reached skill level 10 in Maces & Flails
 70703 | Spider:3 | HP: 3/142 [something (7)]
 70705 | Spider:3 | HP: 1/142 [something (3)]
 70706 | Spider:3 | Slain by a ghost moth

Levels and vault maps discovered:
D:1:      evilmike_arrival_run_for_it, layout_loops_ring
D:2:      layout_rooms, kennysheep_slug_shrine,
          yredelemnul_forgotten_temple_becter, serial_forest,
          infiniplex_forest_clump_diagonal, infiniplex_forest_pool,
          infiniplex_forest_zigzag_1, infiniplex_forest_straight_1,
          infiniplex_forest_lined_2, infiniplex_forest_straight_3, uniq_robin
D:3:      layout_rooms
D:4:      layout_rooms, demons_altar, grunt_temple_overflow_open,
          dancing_weapons_uskayaw, first_ration, chequers_serial_rivers_micro_e,
          lemuel_blue_sif_altar, uniq_eustachio
D:5:      black_bear_nest_1, layout_cave_pods, trog_eyes_of_draining,
          dk_yredelemnul_ordeal
D:6:      layout_loops_ring, nicolae_gozag_seed_capital, serial_shops, shop,
          uniq_duvessa, uniq_prince_ribbit1, uniq_grinder
D:7:      layout_cave_pools, minmay_temple_entry_enclosed_plants, st_stairs_5
D:8:      layout_loops_ring, grunt_pizzeria, minmay_small_thing
D:9:      layout_cross, david_lair_shrubbed, serial_column_ruins,
          column_ruins_square_small, column_ruins_hut,
          column_ruins_columns_dead_end, column_ruins_corridor_straight,
          column_ruins_open_medium, column_ruins_open_tiny,
          column_ruins_columns_straight, enter_bailey_1
D:10:     layout_layer_cave, hangedman_decor_diamond_cutter,
          chequers_serial_rivers_micro_c, sword_in_stone
D:11:     layout_rooms, orc_0_dummy, uniq_harold, uniq_nergalle, uniq_snorg,
          uniq_sonja
D:12:     layout_roguey, serial_shops, shop, minivault_14
D:13:     layout_basic, lightli_vaults_fourway_checkpoint
D:14:     layout_cave_pods, serial_shops, nicolae_shop_overgrown_old_shop,
          nicolae_shop_waterfront, nicolae_shop_behind_doors,
          nicolae_shop_trees, chequers_avenue, minivault_23
D:15:     gammafunk_depths_entry_grave, layout_cave_pods, minmay_strange_pillars
Temple:   cyrus_circular_temple
Lair:1:   layout_layer_cave
Lair:2:   layout_hall_layers, minmay_swamp_entry_reptiles,
          nicolae_spider_entry_orb_guardian, st_stairs_8, beast_lair_carwin_1,
          grunt_megastairs_4
Lair:3:   layout_big_grid, serial_bayou_shore_a, grunt_megastairs_3,
          infiniplex_staircase_pool_2
Lair:4:   layout_regular_city, zaba_antful_of_joy
Lair:5:   layout_gridlike, slime_altar_1, minmay_lindwurm_lava
Lair:6:   evil_forest, layout_loops_ring, serial_bayou_pond_b, minivault_11,
          minmay_lair_oklob_chamber
Swamp:1:  layout_basic_swamp, evilmike_swamp_ruin_rubble_1, swamp_pool1
Swamp:2:  layout_basic_swamp, evilmike_swamp_ruin_house_5
Swamp:3:  layout_falls_marsh, nicolae_swamp_stair_fork,
          infiniplex_staircase_pool
Swamp:4:  swamp_alternative, layout_basic_swamp, swamp_pool2
Spider:1: lemuel_spider_zombies, drop_trap, uniq_jorgrun
Spider:2: layout_chambers, uniq_azrael
Spider:3: nicolae_spider_mines_2, ebering_ghost_reflecting_pool,
          guppyfry_spider_mini_3
Orc:1:    layout_caves, serial_shops, nicolae_shop_window_shopping
Orc:2:    grunt_orc_tribal_feast, layout_caves, lightli_orcish_oven
Elf:1:    eino_elf_arrival_shootout, layout_geoelf_octagon, basic_altar,
          hangedman_elf_represent, drop_trap, hangedman_elf_simple_split,
          due_unseen_surprise
Elf:2:    layout_geoelf_octagon, minivault_25, nicolae_alphabet_shops

Skill      XL: |  1  2  3  4  5  6  7  8  9 10 11 12 13 14 15 16 17 18 |
---------------+-------------------------------------------------------+-----
Spellcasting   | 3 4 5 6 7 9 10 11 12 13 14 15 | 15.6
Necromancy     | 5 6 7 8 9 11 12 13 14 15 16 | 16.6
Fighting       | 2 4 5 7 8 9 10 11 12 | 12.7
Dodging        | 3 4 5 6 |  6.1
Armour         | 1 3 4 5 |  5.6
Conjurations   | 1 3 5 |  5.0
Earth Magic    | 1 3 5 |  5.0
Short Blades   | 2 3 5 |  5.0
Slings         | 4 6 8 |  8.6
Ice Magic      | 2 4 5 |  5.3
Stealth        | 4 |  4.9
Maces & Flails | 2 9 10 | 10.0

Action                   |  1- 3 |  4- 6 |  7- 9 | 10-12 | 13-15 | 16-18 || total
-------------------------+-------+-------+-------+-------+-------+-------++-------
Melee: Unarmed           |    22 |       |       |       |       |       ||    22
       Dagger            |     2 |    55 |    87 |   149 |   619 |   270 ||  1182
       Hand axe          |       |     4 |       |       |       |       ||     4
       Whip              |       |       |    31 |       |       |       ||    31
       Long sword        |       |       |    46 |       |       |       ||    46
       Rapier            |       |       |       |       |     8 |    56 ||    64
       Eveningstar       |       |       |       |       |       |    28 ||    28
       Demon whip        |       |       |       |       |       |   426 ||   426
 Fire: Arbalest          |       |       |       |    60 |       |       ||    60
       Hand crossbow     |       |       |       |    25 |       |       ||    25
       Hunting sling     |       |       |       |       |   371 |   351 ||   722
       Fustibalus        |       |       |       |       |       |     5 ||     5
Throw: Stone             |     5 |     1 |       |       |       |       ||     6
       Dart              |       |     2 |     4 |       |       |       ||     6
       Boomerang         |       |       |     2 |     5 |    12 |     3 ||    22
 Cast: Pain              |    84 |   147 |   342 |   462 |    82 |       ||  1117
       Animate Dead      |       |    16 |    30 |    58 |    91 |    45 ||   240
       Vampiric Draining |       |     1 |    16 |    41 |    35 |    24 ||   117
       Corpse Rot        |       |       |     1 |     9 |     8 |     5 ||    23
       Agony             |       |       |       |    75 |    35 |    20 ||   130
       Dispel Undead     |       |       |       |     6 |    20 |    54 ||    80
       Bolt of Draining  |       |       |       |    20 |   126 |    94 ||   240
       Borgnjor's Vile C |       |       |       |    15 |   162 |   122 ||   299
       Death Channel     |       |       |       |       |     1 |    15 ||    16
       Simulacrum        |       |       |       |       |       |     9 ||     9
       Excruciating Woun |       |       |       |       |       |    17 ||    17
Invok: Receive Corpses   |       |       |     1 |     4 |       |       ||     5
       Receive Necronomi |       |       |       |       |       |     1 ||     1
 Abil: Stop Flying       |       |       |     1 |       |       |       ||     1
       Evoke Flight      |       |       |       |     1 |       |       ||     1
Evoke: Wand              |       |       |       |     1 |     1 |     4 ||     6
       Fan of gales      |       |       |       |     1 |       |       ||     1
  Use: Scroll            |       |     5 |     2 |     7 |    10 |    26 ||    50
 Stab: Distracted        |       |       |       |     1 |     2 |     3 ||     6
       Confused          |       |       |       |       |     1 |       ||     1
       Sleeping          |       |       |       |       |       |     3 ||     3
Armor: Robe              |     8 |    26 |    21 |       |       |       ||    55
       Ring mail         |       |       |     9 |    58 |   202 |   414 ||   683
       Leather armour    |       |       |    42 |    35 |       |       ||    77
Dodge: Dodged            |    27 |    66 |   133 |   276 |   377 |   604 ||  1483
       Deflected         |       |       |     1 |    20 |    17 |    30 ||    68
Block: Other             |       |     8 |    20 |    32 |    44 |    39 ||   143
       Reflection        |       |       |       |     3 |     1 |     1 ||     5
       Rpst.: Long sword |       |       |    11 |       |       |       ||    11
